 Dungeon Crawl Stone Soup version 0.22-a0-388-g09e6169 (webtiles) character file.

961 erloom the Cleaver (level 7, -9/64 HPs)
             Began as a Minotaur Berserker on Apr 29, 2018.
             Was an Elder of Trog.
             Mangled by an ogre
             ... wielding a +0 giant club
              (26 damage)
             ... on level 5 of the Dungeon.
             The game lasted 00:07:23 (4327 turns).

erloom the Cleaver (Minotaur Berserker)             Turns: 4327, Time: 00:07:24

Health: -9/64      AC:  9    Str: 22    XL:     7   Next: 92%
Magic:  6/6        EV:  8    Int:  6    God:    Trog [****..]
Gold:   209        SH:  0    Dex:  9    Spells: 6/6 levels left

rFire    . . .     SeeInvis .   t - +0 battleaxe
rCold    + . .     Gourm    .   (shield currently unavailable)
rNeg     . . .     Faith    .   p - +1 chain mail {MR+}
rPois    .         Spirit   .   (helmet restricted)
rElec    .         Reflect  .   q - scarf {repulsion}
rCorr    .         Harm     .   (no gloves)
MR       +....                  (no boots)
Stlth    ..........             (no amulet)
HPRegen  0.20/turn              n - ring of protection from cold
MPRegen  0.10/turn              (no ring)

@: repel missiles
A: retaliatory headbutt, horns 2
a: Berserk, Trog's Hand, Brothers in Arms, Renounce Religion


You were on level 5 of the Dungeon.
You worshipped Trog.
Trog was greatly pleased with you.
You were not hungry.

You visited 1 branch of the dungeon, and saw 5 of its levels.

You collected 209 gold pieces.

Inventory:

Hand Weapons
 a - a +0 hand axe
 t - a +0 battleaxe (weapon)
Missiles
 h - 6 tomahawks (quivered)
 l - 3 throwing nets
Armour
 p - a +1 chain mail of magic resistance (worn)
 q - a scarf of repulsion (worn)
Jewellery
 n - a ring of protection from cold (left hand)
 w - a +1 ring of evasion {unknown}
Wands
 o - a wand of random effects (34)
 r - a wand of iceblast (7)
 v - a wand of acid (8)
 y - a wand of paralysis (10)
Scrolls
 d - 3 scrolls of fog {unknown}
 e - 2 scrolls of teleportation {unknown}
 f - 4 scrolls of remove curse {unknown}
 g - 3 scrolls of enchant weapon {unknown}
 k - 3 scrolls of identify {unknown}
Potions
 b - 3 potions of heal wounds {unknown}
 i - a potion of magic {unknown}
 j - a potion of lignification {unknown}
 m - a potion of flight {unknown}
 s - a potion of agility {unknown}
 u - a potion of might {unknown}
Comestibles
 c - 6 rations
 x - 2 chunks of flesh


   Skills:
 + Level 6.6 Fighting
 - Level 10.0 Axes
 - Level 2.4 Armour
 - Level 2.1 Dodging
 + Level 0.4 Evocations


You had 6 spell levels left.
You didn't know any spells.

Dungeon Overview and Level Annotations

Branches:
Dungeon (5/15)             Temple (0/1) D:5

Altars:
Ru

Shops:
D:5 (


Innate Abilities, Weirdness & Mutations

You reflexively headbutt those who attack you in melee.
You have a pair of horns on your head.


Message History

x - 2 chunks of flesh An ogre comes into view.
It is wielding a giant club.
The ogre hits you with a giant club!!
You slash the ogre!
The ogre is heavily wounded.
The ogre hits you with a giant club!!
* * * LOW HITPOINT WARNING * * *
You barely miss the ogre.
The ogre is heavily wounded.
The ogre hits you but does no damage.
You hit the ogre. You headbutt the ogre.
The ogre is severely wounded.
The ogre completely misses you.
You hit the ogre.
The ogre is almost dead.
Unknown command.
You hit the ogre.
The ogre is almost dead.
The ogre hits you with a giant club!!
You die...

.#......... #..... .########.#
#..# #.##.# ........ . ...
#####.##.# .########## #.. #.
#.....##.# ........... ..##..
#.##.###.##.# ########### #.##.#
#.##......... ###### #.##.#
#.##.######## .....# #.##O#
#....)....# #...## #.##@#
#....≈≈≈..# ....# #.##.#
#...≈≈§≈≈.### #...# #.##.#
#..§§§≈≈§≈...
.#..#########.##.####..≈≈≈>≈§≈.#
..#...........##.......≈≈≈≈≈≈≈.#
...#..######..#######...≈≈≈≈≈.##
≈≈.#..# #..# #....≈≈≈).#
..≈#..#### #..# #.....#.#####
_.≈#..##.###..#######...#...#....


You could see an ogre.

Vanquished Creatures
  Grinder (D:4)
  An ice beast (D:5)
  An ogre (D:4)
  A howler monkey (D:4)
  3 crimson imps
  A hound (D:4)
  A centaur skeleton (D:4)
  3 orc priests
  An orc wizard (D:3)
  Terence (D:2)
  2 iguanas (D:4)
  A worker ant (D:5)
  Robin (D:2)
  A worker ant zombie (D:5)
  3 adders
  2 oozes
  An adder skeleton (D:4)
  A dart slug (D:3)
  5 leopard geckos
  13 orcs
  A ball python (D:1)
  7 bats
  4 giant cockroaches
  13 goblins
  7 hobgoblins
  14 jackals
  3 kobolds
  2 quokkas
  7 frilled lizards
  A jackal skeleton (D:4)
  2 quokka skeletons
  2 quokka zombies (D:5)
  4 rats
111 creatures vanquished.

Notes
Turn   | Place    | Note
-------+----------+-------------------------------------------
     0 | D:1      | erloom the Minotaur Berserker began the quest for the Orb.
     0 | D:1      | Reached XP level 1. HP: 19/19 MP: 0/0
   151 | D:1      | Reached skill level 4 in Axes
   377 | D:1      | Reached XP level 2. HP: 26/26 MP: 1/1
  1108 | D:2      | Reached skill level 5 in Axes
  1119 | D:2      | Noticed Terence
  1126 | D:2      | Killed Terence
  1126 | D:2      | Reached XP level 3. HP: 31/31 MP: 2/2
  1197 | D:2      | Reached ** piety under Trog
  1210 | D:2      | Noticed Robin
  1219 | D:2      | Killed Robin
  1219 | D:2      | Reached skill level 6 in Axes
  1219 | D:2      | Reached XP level 4. HP: 26/39 MP: 3/3
  1814 | D:3      | Reached skill level 7 in Axes
  1814 | D:3      | Reached XP level 5. HP: 45/45 MP: 4/4
  1900 | D:3      | Reached *** piety under Trog
  2517 | D:4      | Noticed Grinder
  2519 | D:4      | Paralysed by Grinder for 4 turns
  2537 | D:4      | Killed Grinder
  2537 | D:4      | Reached skill level 9 in Axes
  2537 | D:4      | Reached XP level 6. HP: 17/51 MP: 5/5
  3146 | D:4      | Reached XP level 7. HP: 50/57 MP: 6/6
  3186 | D:4      | Reached skill level 10 in Axes
  3364 | D:4      | Reached skill level 5 in Fighting
  3463 | D:4      | Reached **** piety under Trog
  3642 | D:5      | Entered Level 5 of the Dungeon
  3824 | D:5      | Found Loteras's Antique Weapon Shoppe.
  3959 | D:5      | Found a staircase to the Ecumenical Temple.
  4230 | D:5      | Found a sacrificial altar of Ru.
  4327 | D:5      | Mangled by an ogre

Vault maps used:
D:1:      lightli_arrival_quake
D:2:      first_ration, kennysheep_another_room, uniq_robin, uniq_terence
D:3:      hangedman_decor_riveting
D:4:      uniq_grinder
D:5:      minmay_temple_entry_mist, serial_shops,
          nicolae_shop_competitors_out_of_business, serial_park_tiny_pond,
          nicolae_ru_awakened_eye

Skill      XL: |  1  2  3  4  5  6  7 |
---------------+----------------------+-----
Axes           | 4 5 6 7 9 10 | 10.0
Fighting       | 6 |  6.6
Armour         | |  2.4
Dodging        | |  2.1
Evocations     | |  0.4

Action                   |  1- 3 |  4- 6 |  7- 9 || total
-------------------------+-------+-------+-------++-------
Melee: Hand axe          |    69 |   160 |    40 ||   269
       Headbutt          |    11 |    21 |    17 ||    49
       Battleaxe         |       |       |    47 ||    47
Invok: Berserk           |     1 |     2 |     1 ||     4
  Eat: Chunk             |     2 |     8 |     5 ||    15
Armor: Ring mail         |     5 |       |       ||     5
       Animal skin       |     1 |       |       ||     1
       Chain mail        |    25 |    77 |    36 ||   138
Dodge: Dodged            |    29 |    55 |    32 ||   116

Table legend:
 A = Spawn XP
 B = Non-spawn XP
 C = Spawn XP percentage of total XP
 D = Spawn monster count
 E = Non-spawn monster count
 F = Spawn count percentage of total count
 G = Total turns spent on level
                    A         B        C        D         E        F      G
               +---------+---------+-------+---------+---------+-------+---------
         Total |       0 |    1374 |   0.0 |       0 |     111 |   0.0 |  4327
               +---------+---------+-------+---------+---------+-------+---------
           D:1 |       0 |      25 |   0.0 |       0 |      15 |   0.0 |   912
           D:2 |       0 |     103 |   0.0 |       0 |      25 |   0.0 |   758
           D:3 |       0 |     204 |   0.0 |       0 |      32 |   0.0 |   764
           D:4 |       0 |     732 |   0.0 |       0 |      23 |   0.0 |  1208
           D:5 |       0 |     310 |   0.0 |       0 |      16 |   0.0 |   685
               +---------+---------+-------+---------+---------+-------+---------
